 Dungeon Crawl Stone Soup version 0.22.1-2-g9c5b331 (webtiles) character file.

824 Fang the Chopper (level 7, 0/44 HPs)
             Began as a Gargoyle Berserker on Nov 28, 2018.
             Was an Elder of Trog.
             Slain by an orc warrior
             ... wielding a +0 trident
              (12 damage)
             ... while paralysed by an orc
             ... on level 6 of the Dungeon.
             The game lasted 00:05:58 (5246 turns).

Fang the Chopper (Gargoyle Berserker)               Turns: 5246, Time: 00:05:59

Health: 0/44       AC: 16    Str: 22    XL:     7   Next: 96%
Magic:  7/7        EV:  2    Int:  8    God:    Trog [****..]
Gold:   415        SH:  0    Dex:  9    Spells: 6/6 levels left

rFire    . . .     SeeInvis .   a - +0 hand axe
rCold    . . .     Gourm    .   (no shield)
rNeg     + . .     Faith    .   t - +0 plate armour
rPois    ∞         Spirit   .   (no helmet)
rElec    +         Reflect  .   (no cloak)
rCorr    .         Harm     .   (no gloves)
MR       .....                  (no boots)
Stlth    ..........             (no amulet)
HPRegen  0.14/turn              (no ring)
MPRegen  0.10/turn              (no ring)

@: paralysed
A: negative energy resistance 1, electricity resistance, unbreathing,
petrification resistance, rot immunity, AC +4
a: Berserk, Trog's Hand, Brothers in Arms, Renounce Religion


You were on level 6 of the Dungeon.
You worshipped Trog.
Trog was greatly pleased with you.
You were not hungry.

You visited 2 branches of the dungeon, and saw 7 of its levels.

You collected 415 gold pieces.

Inventory:

Hand Weapons
 a - a +0 hand axe (weapon)
Armour
 b - a +2 chain mail of magic resistance
 t - a +0 plate armour (worn)
Jewellery
 u - a cursed ring of attention {unknown}
Wands
 j - a wand of random effects (35)
 r - a wand of disintegration (16)
Scrolls
 d - 2 scrolls of teleportation {unknown}
 e - 4 scrolls of enchant weapon {unknown}
 g - 2 scrolls of noise {unknown}
 h - 4 scrolls of enchant armour {unknown}
 i - 2 scrolls of magic mapping {unknown}
 l - 3 scrolls of identify {unknown}
 m - 6 scrolls of remove curse {unknown}
 p - a scroll of fog {unknown}
Potions
 f - a potion of lignification {unknown}
 k - a potion of agility {unknown}
 n - a potion of invisibility {unknown}
 o - 2 potions of curing {unknown}
 q - a potion of brilliance {unknown}
Comestibles
 c - 4 rations


   Skills:
 + Level 5.2 Fighting
 + Level 6.2 Axes
 + Level 4.8 Armour
 + Level 2.5 Dodging
 + Level 0.2 Stealth


You had 6 spell levels left.
You didn't know any spells.
Your spell library was empty.

Dungeon Overview and Level Annotations

Branches:
Dungeon (6/15)             Temple (1/1) D:5

Altars:
Cheibriados
Fedhas
Gozag
Hepliaklqana
Sif Muna
Wu Jian


Innate Abilities, Weirdness & Mutations

You are resistant to torment.
Your stone body is resilient. (AC +4)
You are immune to poison.
You resist negative energy. (rN+)
You are resistant to electric shocks. (rElec)
You can survive without breathing.
You are immune to petrification.
You are immune to rotting.


Message History

The orc wizard is moderately wounded.
You hit the orc.
The crimson imp blinks!
The orc warrior hits you but does no damage.
The orc hits you but does no damage.
The orc wizard casts a spell.
The orc wizard blinks!
Unknown command.
You closely miss the orc.
The orc is severely wounded.
The orc warrior hits you but does no damage.
The orc hits you but does no damage.
You hit the orc.
You kill the orc!
Trog accepts your kill. The orc warrior closely misses you.
The orc zaps a wand.
You suddenly lose the ability to move!
It is a wand of paralysis (11).
The orc warrior hits you from afar with a trident! x2
* * * LOW HITPOINT WARNING * * *
The orc warrior hits you from afar with a trident!
You die...

...... .... .... .## ...
#.. # #.. ##.#.##o#
......oo# #)# #@#######
#.. ## #........ .... ..
#.####### #..# #. #.#
#..# #. #.# #..# #. #.#
######..# #.
.#####.####.......####.
#......................
#..####.####.#####.#####


You could see an orc warrior, an orc wizard and an orc.

Vanquished Creatures
  A sky beast (D:5)
  An ogre (D:4)
  2 centaurs (D:5)
  A scorpion (D:5)
  A crimson imp (D:5)
  A hound (D:6)
  2 orc wizards (D:5)
  2 iguanas
  2 worker ants
  4 gnolls (D:5)
  5 adders
  A shadow imp (D:5)
  An ooze (D:2)
  2 adder skeletons
  2 worms
  5 dart slugs
  3 leopard geckos (D:3)
  15 orcs
  4 giant cockroaches
  4 goblins
  7 hobgoblins
  15 jackals
  4 kobolds
  2 quokkas
  7 bats
  5 frilled lizards
  A jackal zombie (D:5)
  A quokka skeleton (D:5)
  7 rats
108 creatures vanquished.

Notes
Turn   | Place    | Note
-------+----------+-------------------------------------------
     0 | D:1      | Fang the Gargoyle Berserker began the quest for the Orb.
     0 | D:1      | Reached XP level 1. HP: 14/14 MP: 1/1
    75 | D:1      | Reached XP level 2. HP: 16/19 MP: 2/2
   370 | D:1      | Reached skill level 3 in Axes
   737 | D:1      | Reached XP level 3. HP: 15/24 MP: 3/3
   763 | D:1      | Reached ** piety under Trog
  1521 | D:2      | Found an opulent altar of Gozag.
  1601 | D:2      | Reached XP level 4. HP: 23/29 MP: 4/4
  1700 | D:2      | Found a deep blue altar of Sif Muna.
  2233 | D:3      | Found an ornate altar of the Wu Jian Council.
  2718 | D:3      | Reached *** piety under Trog
  2792 | D:3      | Reached skill level 4 in Axes
  2792 | D:3      | Reached XP level 5. HP: 32/33 MP: 5/5
  2870 | D:3      | Found a blossoming altar of Fedhas.
  3018 | D:4      | Found a snail-covered altar of Cheibriados.
  3042 | D:4      | Found a hazy altar of Hepliaklqana.
  3542 | D:4      | Noticed an ogre
  3552 | D:4      | Killed an ogre
  3552 | D:4      | Reached XP level 6. HP: 21/39 MP: 6/6
  3759 | D:5      | Entered Level 5 of the Dungeon
  3905 | D:5      | Found a staircase to the Ecumenical Temple.
  3916 | Temple   | Entered the Ecumenical Temple
  3945 | D:5      | Reached skill level 5 in Axes
  4025 | D:5      | Noticed a sky beast
  4066 | D:5      | Killed a sky beast
  4066 | D:5      | Reached XP level 7. HP: 21/44 MP: 7/7
  4490 | D:5      | Reached **** piety under Trog
  4490 | D:5      | Reached skill level 5 in Fighting
  4490 | D:5      | Reached skill level 6 in Axes
  5243 | D:6      | Paralysed by an orc for 7 turns
  5246 | D:6      | Slain by an orc warrior

Skill      XL: |  1  2  3  4  5  6  7 |
---------------+----------------------+-----
Axes           | 3 4 5 6 |  6.2
Dodging        | 2 |  2.5
Fighting       | 4 5 |  5.2
Armour         | 3 4 |  4.8
Stealth        | |  0.2

Action                   |  1- 3 |  4- 6 |  7- 9 || total
-------------------------+-------+-------+-------++-------
Melee: Hand axe          |   117 |   250 |   116 ||   483
Invok: Berserk           |       |     2 |       ||     2
  Eat: Chunk             |     2 |     6 |     5 ||    13
       Ration            |       |     1 |       ||     1
Armor: Animal skin       |    36 |       |       ||    36
       Ring mail         |    25 |     4 |       ||    29
       Chain mail        |       |   176 |    92 ||   268
       Plate armour      |       |       |    17 ||    17
Dodge: Dodged            |   119 |    99 |    64 ||   282
